 Dungeon Crawl Stone Soup version 0.31.0-9-g3a7656b989 (webtiles) character file.

Game seed: 6526562407699160670

223 qw the Shooter (level 5, -2/27 HPs)
             Began as a Spriggan Hunter on Feb 2, 2024.
             Was an Initiate of Okawaru.
             Killed by divine providence
             ... invoked by an orc priest
              (10 damage)
             ... on level 4 of the Dungeon.
             The game lasted 00:00:08 (2440 turns).

qw the Shooter (Spriggan Hunter)                    Turns: 2440, Time: 00:00:09

Health: -2/27      AC:  2    Str:  7    XL:     5   Next: 66%
Magic:  6/6        EV: 25    Int: 11    God:    Okawaru [......]
Gold:   139        SH:  0    Dex: 20    Spells: 4/4 levels left

rFire   . . .        a - +0 shortbow
rCold   . . .        (shield currently unavailable)
rNeg    . . .        c - +0 robe
rPois   .            (helmet restricted)
rElec   .            (no cloak)
rCorr   .            (gloves unavailable)
SInv    +            (boots unavailable)
Will    +....        (no amulet)
Stlth   ++           b - ring of willpower
HPRegen 0.24/turn    f - +5 ring of evasion
MPRegen 0.10/turn

%: no passive effects
@: very quick
A: very small, no large weapons, unfitting armour, see invisible, speed 3
a: Renounce Religion


You were on level 4 of the Dungeon.
You worshipped Okawaru.
Okawaru was noncommittal.
You visited 1 branch of the dungeon, and saw 4 of its levels.

You collected 139 gold pieces.


Innate Abilities, Weirdness & Mutations

You are very small and have problems with some larger weapons.
You are too small for most types of armour.
You have supernaturally acute eyesight. (SInv)
You cover ground extremely quickly. (Speed+++)


   Skills:
 - Level 2.6 Fighting
 + Level 5.5 Ranged Weapons
 - Level 5.0 Dodging
 - Level 1.5 Stealth


You had 4 spell levels left.
You didn't know any spells.
Your spell library was empty.

Inventory:

Hand Weapons
 a - a +0 shortbow (weapon)
Armour
 c - a +0 robe (worn)
Jewellery
 b - a ring of willpower (left hand)
 f - a +5 ring of evasion (right hand)
 i - a +6 ring of strength
Potions
 d - a potion of enlightenment
 g - a potion of mutation
 j - a potion of curing {unknown}

Dungeon Overview and Level Annotations

Branches:
Dungeon (4/15)
 Temple: D:4-7

Altars:
Makhleb
Okawaru
Trog


Message History

The orc priest is lightly wounded.
The orc priest hits you with a +0 dagger.
The orc wizard hits you with a +0 dagger.
The adder completely misses you. The orc wizard completely misses you.
The orc priest misses you.
You shoot an arrow.
The arrow closely misses the orc priest.
The adder bites you. The adder completely misses you.
The orc wizard completely misses you.
The orc priest miscasts a cantrip.
You shoot an arrow. The arrow hits the orc priest.
The orc priest is moderately wounded.
The adder completely misses you. The orc wizard misses you.
The orc priest closely misses you.
You shoot an arrow.
The arrow hits the orc priest but does no damage.
The orc priest is moderately wounded.
The adder bites you but does no damage.
The orc priest looks satisfied for a moment.
The orc wizard misses you. The adder barely misses you.
You shoot an arrow. The arrow hits the orc priest.
The orc priest is moderately wounded.
The adder closely misses you. The orc priest completely misses you.
The orc wizard hits you with a +0 dagger.
You shoot an arrow. The arrow hits the orc priest.
The orc priest is heavily wounded.
The adder completely misses you. The orc priest barely misses you.
The orc wizard completely misses you. The adder completely misses you.
You shoot an arrow.
The arrow closely misses the orc priest.
The orc priest misses you. The orc wizard completely misses you.
The adder barely misses you.
You shoot an arrow. The arrow barely misses the orc priest.
The adder completely misses you. The orc wizard closely misses you.
The orc priest completely misses you.
You shoot an arrow. The arrow barely misses the orc priest.
The adder closely misses you.
The orc priest invokes the aid of Beogh against you.
Beogh smites you!
You die...

#...... #.....
...). . .... ..
##..#####.).
#..........
####.oo...#
#.....@S..#
##..###.### #
#..## ##..# #
##.#########
#.#####...#......
#....####>..#
#####<#....)##
#.......###.#


You could see an orc priest, an orc wizard and an adder.

Vanquished Creatures
  A scorpion (D:3)
  A hound (D:4)
  8 adders
  3 dart slugs
  3 orcs
  4 endoplasms
  A giant cockroach (D:2)
  A hobgoblin (D:2)
  5 kobolds
  A quokka (D:3)
  7 ball pythons
  6 bats
  2 frilled lizards (D:1)
  8 goblins
  6 rats
57 creatures vanquished.

Notes
Turn   | Place    | Note
-------+----------+-------------------------------------------
     0 | D:1      | qw the Spriggan Hunter began the quest for the Orb.
     0 | D:1      | Reached XP level 1. HP: 10/10 MP: 2/2
     0 | D:1      | 0 ||| qw: Version: 0.3-a-155-g5e7d8dd
     0 | D:1      | 0 ||| qw: Game counter: 1478
     0 | D:1      | 0 ||| qw: Melee chars always use a shield: true
     0 | D:1      | 0 ||| qw: God list: Okawaru
     0 | D:1      | 0 ||| qw: Allow faded altars: false
     0 | D:1      | 0 ||| qw: Do Orc after clearing Dungeon:15 true
     0 | D:1      | 0 ||| qw: Do second Lair branch before Depths: true
     0 | D:1      | 0 ||| qw: Lair rune preference: random
     0 | D:1      | 0 ||| qw: Goals: Normal
     0 | D:1      | 0 ||| PLANNING D:1-11
    44 | D:1      | Reached skill level 3 in Dodging
   118 | D:1      | Reached XP level 2. HP: 14/14 MP: 3/3
   397 | D:1      | 397 ||| READING scroll labelled TEH PUPASEPHIR.
   498 | D:1      | 498 ||| DRINKING 2 orange potions.
   499 | D:1      | 499 ||| DROPPING scroll of butterflies.
   585 | D:2      | Reached XP level 3. HP: 18/18 MP: 4/4
   603 | D:2      | 603 ||| FLEEEEING.
   604 | D:2      | 604 ||| FLEEEEING.
   606 | D:2      | 606 ||| FLEEEEING.
   608 | D:2      | 608 ||| FLEEEEING.
   610 | D:2      | 610 ||| FLEEEEING.
   612 | D:2      | 612 ||| FLEEEEING.
   614 | D:2      | 614 ||| FLEEEEING.
  1053 | D:2      | 1053 ||| FLEEEEING.
  1054 | D:2      | 1054 ||| FLEEEEING.
  1055 | D:2      | 1055 ||| FLEEEEING.
  1256 | D:2      | Reached XP level 4. HP: 7/22 MP: 5/5
  1258 | D:2      | HP: 5/22 [poisoned by an adder]
  1427 | D:2      | Identified the +7 dagger "Woihinki" {spect, ^Fragile rN+
                  | Will+ Dex+3}
  1556 | D:2      | 1556 ||| UPGRADING to ring of willpower.
  1557 | D:2      | 1557 ||| UPGRADING to +5 ring of evasion.
  1558 | D:2      | 1558 ||| READING scroll labelled LITUIGG UZAIL.
  1659 | D:2      | 1659 ||| READING scroll labelled GOOSTO JOLA.
  1660 | D:2      | 1660 ||| DRINKING 3 black potions.
  1692 | D:3      | Found a faded altar of an unknown god.
  1727 | D:3      | Noticed a scorpion
  1747 | D:3      | HP: 5/22 [scorpion (6)]
  1748 | D:3      | 1748 ||| DRINKING 2 potions of heal wounds.
  1753 | D:3      | Killed a scorpion
  1754 | D:3      | Reached XP level 5. HP: 27/27 MP: 6/6
  1757 | D:3      | Found a bloodstained altar of Trog.
  1757 | D:3      | Found an iron altar of Okawaru.
  1758 | D:3      | 1758 ||| PLANNING OKAWARU WORSHIP
  1762 | D:3      | Became a worshipper of Warmaster Okawaru
  1763 | D:3      | 1763 ||| PLANNING D:1-11
  2308 | D:3      | Found a burning altar of Makhleb.
  2319 | D:3      | Noticed a blizzard demon
  2369 | D:3      | 2369 ||| READING scroll labelled KISOTI FUR.
  2369 | D:3      | 2369 ||| IDENTIFYING viscous puce potion
  2429 | D:4      | HP: 3/27 [orc priest/divine providence (8)]
  2430 | D:4      | 2430 ||| DRINKING potion of heal wounds.
  2440 | D:4      | Killed from afar by an orc priest

Levels and vault maps discovered:
D:1:      co_arrival_square_in_a_square_in_a_square, layout_rooms
D:2:      layout_loops_corners, nicolae_half_adder
D:3:      layout_loops_cross, makhleb_altar_promises_db,
          gammafunk_temple_overflow_statue, hellmonk_ecumenical_altar_run_dry
D:4:      layout_rooms, minmay_temple_entry_purple_smoke,
          uniq_crazy_yiuf_cottage, uniq_sigmund

Skill      XL: |  1  2  3  4 |
---------------+-------------+-----
Dodging        | 3 4 5 |  5.0
Ranged Weapons | 5 |  5.5
Fighting       | 2 |  2.6
Stealth        | |  1.5

Action                     |  1- 3 |  4- 6 || total
---------------------------+-------+-------++-------
   Fire: Shortbow          |    76 |   108 ||   184
    Use: Scroll            |     1 |     3 ||     4
         Potion            |     1 |     3 ||     4
 Armour: Robe              |     9 |    19 ||    28
  Dodge: Dodged            |    27 |    88 ||   115

Table legend:
 A = Non-vault XP
 B = Vault XP
 C = Vault XP percentage of total XP
 D = Non-vault monster count
 E = Vault monster count
 F = Vault count percentage of total count
                 A         B        C        D         E       F
            +---------+---------+-------+---------+---------+-------
      Total |     279 |      40 |  12.5 |      54 |       3 |   5.3
            +---------+---------+-------+---------+---------+-------
        D:1 |      27 |       0 |   0.0 |      17 |       0 |   0.0
        D:2 |      62 |      40 |  39.2 |      14 |       3 |  17.6
        D:3 |     143 |       0 |   0.0 |      19 |       0 |   0.0
        D:4 |      47 |       0 |   0.0 |       4 |       0 |   0.0
            +---------+---------+-------+---------+---------+-------
